 Dungeon Crawl Stone Soup version 0.31-a0-654-gbe3e110b4e (webtiles) character file.

Game seed: 13333457036949909047

21092 IdlyInterested the Severer (level 12, -8/92 HPs)
             Began as a Demonspawn Fighter on Aug 29, 2023.
             Was an Elder of Trog.
             Mangled by a two-headed ogre
             ... wielding a +0 giant spiked club
              (22 damage)
             ... on level 13 of the Dungeon.
             The game lasted 00:39:37 (11628 turns).

IdlyInterested the Severer (Demonspawn Fighter)    Turns: 11628, Time: 00:39:38

Health: -8/92      AC: 29    Str: 22    XL:     12   Next: 51%
Magic:  4/4        EV:  8    Int: 12    God:    Trog [****..]
Gold:   182        SH:  5    Dex: 17    Spells: 11/11 levels left

rFire   . . .        d - +10 executioner's axe of Taricubb {antimagic, rElec rN++ Will+ Dex-2}
rCold   . . .        (shield currently unavailable)
rNeg    + + .        p - +0 plate armour
rPois   .            J - +0 hat {Int+3}
rElec   +            E - +2 cloak {rCorr}
rCorr   +            N - +2 pair of gloves
SInv    .            (boots unavailable)
Will    +....        f - amulet of reflection Stlth
                     q - +6 ring of dexterity
HPRegen 0.35/turn    G - +4 ring of slaying
MPRegen 0.09/turn

%: reflection
@: sanguine armoured
A: hooves 3, powered by death 1, spiny 1, sanguine armour 2
a: Renounce Religion, Berserk, Trog's Hand, Brothers in Arms


You were on level 13 of the Dungeon.
You worshipped Trog.
Trog was greatly pleased with you.
You visited 2 branches of the dungeon, and saw 14 of its levels.

You collected 952 gold pieces.
You spent 770 gold pieces at shops.

Inventory:

Hand Weapons
 d - the +10 executioner's axe of Taricubb (weapon) {antimagic, rElec rN++ Will+ Dex-2}
   (You acquired it on level 6 of the Dungeon)

   Dex-2:     It affects your dexterity (-2).
   rElec:     It insulates you from electricity.
   rN++:      It greatly protects you from negative energy.
   Will+:     It increases your willpower.
 l - the +8 trident of Conscience {freeze, rN++ Int+4}
   (You found it on level 7 of the Dungeon)

   Int+4:     It affects your intelligence (+4).
   rN++:      It greatly protects you from negative energy.
 v - a +0 broad axe of protection
Missiles
 e - 104 stones (quivered)
 g - 89 poisoned darts
 n - 4 boomerangs
 r - 4 darts of dispersal
 u - 3 curare-tipped darts
Armour
 c - a +0 buckler
 p - a +0 plate armour (worn)
 t - a +1 helmet
 D - a +2 robe of positive energy
 E - a +2 cloak of preservation (worn)
 J - a +0 hat of intelligence (worn)
 N - a +2 pair of gloves (worn)
Jewellery
 f - an amulet of reflection (around neck)
 q - a +6 ring of dexterity (left hand)
 x - a ring of poison resistance
 F - a +6 ring of intelligence
 G - a +4 ring of slaying (right hand)
 M - a +6 ring of intelligence
Talismans
 C - a serpent talisman
Wands
 b - a wand of paralysis (3)
 h - a wand of polymorph (5)
 w - a wand of quicksilver (7)
 y - a wand of iceblast (9)
 I - a wand of digging (5)
Scrolls
 j - 4 scrolls of teleportation
 m - 2 scrolls of blinking
 B - a scroll of revelation
 H - 2 scrolls of enchant armour
Potions
 a - a potion of cancellation {unknown}
 i - 2 potions of magic
 k - 2 potions of curing
 o - a potion of resistance
 z - a potion of enlightenment
 A - 5 potions of berserk rage
 K - 2 potions of haste
 L - a potion of ambrosia {unknown}


   Skills:
 - Level 8.0 Fighting
 * Level 16.0 Axes
 - Level 1.0 Throwing
 + Level 7.6 Armour
 - Level 3.0 Dodging
 - Level 1.0 Stealth
 - Level 3.0 Shields
 - Level 1.0 Unarmed Combat
 - Level 1.0 Evocations
 - Level 1.0 Shapeshifting


You had 11 spell levels left.
You didn't know any spells.
Your spell library contained the following spells:

 Spells                   Type           Power      Damage    Failure   Level
 Wereblood                Tmut           0%         N/A       100%        2
 Irradiate                Conj/Tmut      0%         3d11      100%        5


Dungeon Overview and Level Annotations

Branches:
Dungeon (13/15)            Temple (1/1) D:5            Lair (0/5) D:11
    Orc (0/2) D:9
 Vaults: D:13-14

Altars:
Ashenzari
Cheibriados
Dithmenos
Fedhas
Gozag
Hepliaklqana
Kikubaaqudgha
Makhleb
Nemelex Xobeh
Okawaru
Qazlal
Ru
Sif Muna
Trog
Uskayaw
Vehumet
Wu Jian
Xom
Yredelemnul

Shops:
D:1 =   D:3 *   D:4 *   D:10 *(:=?


Innate Abilities, Weirdness & Mutations

You have hooves in place of feet.
You regenerate a little health from kills.
You are partially covered in sharp spines.
When seriously injured, your blood forms thick armour. (AC +9)


Message History

The centaur warrior closely misses you.
The centaur warrior kicks you but does no damage.
The centaur warrior closely misses you. You block the centaur warrior's attack.
You slice the centaur warrior!! You kick the centaur warrior.
The centaur warrior is almost dead.
You hear a howl!
You block the centaur warrior's attack. The centaur warrior kicks you.
* * * LOW HITPOINT WARNING * * *
You slash the centaur warrior!
You kill the centaur warrior!
Trog accepts your kill.
You carefully extract the barbed spikes from your body.
The centaur warrior shoots an arrow.
The arrow hits you but does no damage.
You closely miss the manticore. You kick the manticore!
The manticore is heavily wounded.
The manticore bites you but does no damage.
The manticore claws you but does no damage. x2
The orc wizard mumbles some strange words.
The orc wizard flickers and vanishes!
Deactivating autopickup; reactivate with Ctrl-A.
You slice the manticore!! You kick the manticore!
You kill the manticore!
Trog accepts your kill.
The centaur warrior shoots an arrow.
The arrow barely misses you.
Your Axes skill increases to level 16!
You slash the two-headed ogre!
The two-headed ogre is lightly wounded.
The two-headed ogre barely misses you.
The two-headed ogre hits you with a +0 dire flail!
* * * LOW HITPOINT WARNING * * *
You slice the two-headed ogre!! You kick the two-headed ogre.
The two-headed ogre is severely wounded.
The two-headed ogre barely misses you. x2
A wraith comes into view.
You barely miss the two-headed ogre.
You kick the two-headed ogre, but do no damage.
The two-headed ogre is severely wounded.
The two-headed ogre is struck by your spines.
The two-headed ogre hits you with a +0 giant spiked club!!
You die... ##(## c.$.o h~c (cD

#?# ### #.#
#.#♣♣.♣♣ ♣♣W♣♣
#.#♣.≈.♣#♣Oc.♣
..#.≈≈≈.#@#'#.#
#.#.≈≈≈.#.#J#.#
#.#.≈≈≈.#.#.# #
#.#.≈~≈.#.#.#
#.#♣~≈~♣♣.#Q#
#..†≈~≈...#⌠#
#.#♣~≈~♣♣.#O#
#.#.≈~≈.#.#
#.#.≈≈≈.#.#


You could see a centaur warrior, a two-headed ogre and a wraith.

Vanquished Creatures
  Gastronok (D:11)
  2 hydras (D:13)
  3 centaur warriors
  2 boulder beetles (D:12)
  A two-headed ogre (D:13)
  A tengu warrior (D:13)
  The ghost of rjrrt the Cleaver, a novice GrBe of Trog (D:8)
  A deep elf pyromancer (D:13)
  3 cyclopes (D:12)
  A manticore (D:13)
  2 ugly things
  A black mamba (shapeshifter) (D:13)
  6 gargoyles
  An unseen horror (D:11)
  2 komodo dragons
  A yaktaur (D:13)
  4 kobold demonologists
  5 trolls
  A meliai (D:13)
  Grinder (D:3)
  A culicivora (shapeshifter) (D:13)
  A vampire (D:13)
  A slime creature (D:13)
  7 yaks
  2 wraiths
  A water elemental (D:13)
  2 vampire mosquitoes (D:11)
  3 acid dragons
  A water moccasin (D:7)
  An orc warrior (D:9)
  A black bear (D:7)
  A sky beast (D:7)
  3 centaurs
  2 phantoms (D:6)
  9 kobold brigands
  Blork the orc (D:6)
  3 bullfrogs
  A gnoll sergeant (D:10)
  3 scorpions
  5 wights (D:9)
  8 killer bees
  2 howler monkeys
  2 hounds
  A gnoll bouda (D:8)
  3 orc priests
  A jelly (D:5)
  Jessica (D:2)
  2 iguanas
  Terence (D:3)
  Natasha (thrice) (D:3)
  6 orc wizards
  2 sleepcaps
  Robin (D:2)
  9 gnolls
  11 adders
  A shadow imp (D:8)
  2 white imps (D:7)
  An ufetubus (D:5)
  3 worms
  A dart slug (D:2)
  36 orcs
  5 ball pythons
  7 endoplasms
  5 giant cockroaches
  9 goblins
  8 hobgoblins
  3 jackals
  41 kobolds
  2 quokkas
  4 bats
  5 frilled lizards
  2 rats (D:3)
277 creatures vanquished.

Notes
Turn   | Place    | Note
-------+----------+-------------------------------------------
     0 | D:1      | IdlyInterested the Demonspawn Fighter began the quest for
                  | the Orb.
     0 | D:1      | Reached XP level 1. HP: 18/18 MP: 1/1
    58 | D:1      | Reached skill level 2 in Axes
    78 | D:1      | Gained mutation: You regenerate a little health from kills.
                  | [demonic ancestry]
    78 | D:1      | Reached XP level 2. HP: 17/24 MP: 2/2
   247 | D:1      | Found a faded altar of an unknown god.
   405 | D:1      | Reached skill level 1 in Dodging
   438 | D:1      | Found Moar's Jewellery Emporium.
   777 | D:2      | Gained mutation: When seriously injured, your blood forms
                  | armour. (AC +9) [demonic ancestry]
   777 | D:2      | Reached XP level 3. HP: 24/29 MP: 3/3
   789 | D:2      | Reached skill level 3 in Axes
   791 | D:2      | Reached skill level 1 in Stealth
  1121 | D:2      | Gained mutation: You have large cloven feet. [demonic
                  | ancestry]
  1121 | D:2      | Reached XP level 4. HP: 30/35 MP: 4/4
  1301 | D:2      | You fall into a shaft and drop 1 floor!
  1655 | D:2      | Noticed Robin
  1670 | D:2      | Killed Robin
  1671 | D:2      | Reached skill level 1 in Unarmed Combat
  1749 | D:2      | Noticed Jessica
  1756 | D:2      | Killed Jessica
  1757 | D:2      | Reached skill level 4 in Axes
  2144 | D:3      | Noticed Terence
  2154 | D:3      | Killed Terence
  2155 | D:3      | Reached skill level 1 in Throwing
  2155 | D:3      | Reached XP level 5. HP: 28/41 MP: 5/5
  2245 | D:3      | Found Sathrikk's Assorted Antiques.
  2255 | D:3      | Bought a brown potion for 24 gold pieces
  2255 | D:3      | Bought a scroll labelled FUEGECIAQA for 27 gold pieces
  2255 | D:3      | Bought a scroll labelled OSOOBR LUPNYLI for 27 gold pieces
  2364 | D:3      | Noticed Natasha
  2367 | D:3      | Killed Natasha
  2371 | D:3      | Noticed Natasha
  2377 | D:3      | Killed Natasha
  2421 | D:3      | Noticed Natasha
  2429 | D:3      | Killed Natasha
  2430 | D:3      | Reached skill level 1 in Shapeshifting
  2476 | D:3      | Noticed Grinder
  2477 | D:3      | Paralysed by Grinder for 4 turns
  2491 | D:3      | Killed Grinder
  2492 | D:3      | Reached skill level 5 in Axes
  2492 | D:3      | Reached skill level 1 in Evocations
  2492 | D:3      | Gained mutation: You have hoof-like feet. [demonic
                  | ancestry]
  2492 | D:3      | Reached XP level 6. HP: 38/47 MP: 6/6
  3092 | D:4      | Reached skill level 6 in Axes
  3095 | D:4      | Gained mutation: When seriously injured, your blood forms
                  | thick armour. (AC +9) [demonic ancestry]
  3095 | D:4      | Reached XP level 7. HP: 35/52 MP: 7/7
  3353 | D:4      | Found a sacrificial altar of Ru.
  3357 | D:4      | Found a shadowy altar of Dithmenos.
  3364 | D:4      | Found a radiant altar of Vehumet.
  3374 | D:4      | Found Tuukk's Assorted Antiques.
  3418 | D:4      | Bought a scroll labelled NUSKEI EBAMOTO for 22 gold pieces
  3418 | D:4      | Bought a smoky pink potion for 19 gold pieces
  3744 | D:5      | Entered Level 5 of the Dungeon
  3770 | D:5      | Reached skill level 7 in Axes
  3867 | D:5      | Found a stormy altar of Qazlal.
  3903 | D:5      | Gained mutation: You are partially covered in sharp spines.
                  | [demonic ancestry]
  3903 | D:5      | Reached XP level 8. HP: 45/60 MP: 8/8
  4010 | D:5      | Found a staircase to the Ecumenical Temple.
  4025 | Temple   | Entered the Ecumenical Temple
  4064 | Temple   | Became a worshipper of Trog the Wrathful
  4341 | D:3      | Bought 3 scrolls labelled FIKACWISAG for 81 gold pieces
  4544 | D:6      | Identified a scroll of acquirement
  4544 | D:6      | Acquired the +10 executioner's axe of Taricubb {antimagic,
                  | rElec rN++ Will+ Dex-2}
  4699 | D:6      | Noticed Blork the orc
  4706 | D:6      | Killed Blork the orc
  4707 | D:6      | Reached skill level 8 in Axes
  4970 | D:7      | Identified the +8 trident of Conscience {freeze, rN++
                  | Int+4}
  5101 | D:7      | Reached skill level 9 in Axes
  5594 | D:8      | Found a shimmering altar of Xom.
  5748 | D:8      | Found a runed translucent door.
  5749 | D:8      | Noticed rjrrt's ghost (novice GrBe)
  5797 | D:8      | Reached * piety under Trog
  5803 | D:8      | Reached XP level 9. HP: 44/66 MP: 3/9
  6024 | D:8      | Noticed a gargoyle
  6027 | D:8      | Killed a gargoyle
  6028 | D:8      | Reached skill level 5 in Fighting
  6028 | D:8      | Reached skill level 10 in Axes
  6037 | D:8      | Noticed a gargoyle
  6038 | D:8      | Killed a gargoyle
  6051 | D:8      | Noticed a gargoyle
  6058 | D:8      | Killed a gargoyle
  6170 | D:8      | Noticed a gargoyle
  6176 | D:8      | Killed a gargoyle
  6177 | D:8      | Reached skill level 5 in Armour
  6262 | D:8      | Noticed a gargoyle
  6267 | D:8      | Killed a gargoyle
  6268 | D:8      | Reached skill level 11 in Axes
  6749 | D:8      | Killed rjrrt's ghost
  6750 | D:8      | Gained mutation: You have hooves in place of feet. [demonic
                  | ancestry]
  6750 | D:8      | Reached XP level 10. HP: 52/76 MP: 3/10
  6860 | D:4      | Bought a pair of embroidered gloves for 165 gold pieces
  7244 | D:9      | Reached ** piety under Trog
  7253 | D:9      | Found a staircase to the Orcish Mines.
  7519 | D:9      | Reached skill level 12 in Axes
  8242 | D:4      | Bought an embroidered cloak for 165 gold pieces
  8247 | D:4      | Bought a shiny glass ring for 110 gold pieces
  8449 | D:10     | Entered Level 10 of the Dungeon
  8547 | D:10     | Noticed a centaur warrior
  8547 | D:10     | Found Uzunih's Jewellery Shoppe.
  8552 | D:10     | Killed a centaur warrior
  8699 | D:10     | Reached *** piety under Trog
  8748 | D:10     | Found Munuhagi's Book Shoppe.
  8864 | D:10     | Reached skill level 13 in Axes
  8888 | D:10     | Noticed a sea snake
  8932 | D:10     | Found an ornate altar of the Wu Jian Council.
  9049 | D:10     | Found Axkaseac's Antique Weapon Shop.
  9181 | D:10     | Found Gelef's Magic Scroll Shop.
  9352 | D:10     | Found Pihudgh's Assorted Antiques.
  9360 | D:10     | Bought a scroll labelled NUXEYP CECWO for 26 gold pieces
  9493 | D:10     | Bought a bone wand for 104 gold pieces
  9575 | D:11     | Identified the +0 robe of Matihox {rN+ Dex+2 Stlth+}
  9610 | D:11     | Noticed Gastronok
  9619 | D:11     | Killed Gastronok
  9620 | D:11     | Reached XP level 11. HP: 56/82 MP: 3/11
  9860 | D:11     | Found a staircase to the Lair.
 10174 | D:11     | Reached skill level 14 in Axes
 10383 | D:12     | Noticed a white ugly thing
 10389 | D:12     | Killed a white ugly thing
 10533 | D:12     | Noticed a boulder beetle
 10544 | D:12     | Killed a boulder beetle
 10918 | D:12     | Noticed a boulder beetle
 10931 | D:12     | Killed a boulder beetle
 11055 | D:12     | Reached **** piety under Trog
 11247 | D:13     | Noticed a deep elf pyromancer
 11251 | D:13     | Killed a deep elf pyromancer
 11290 | D:13     | Noticed a purple ugly thing
 11297 | D:13     | Killed a purple ugly thing
 11298 | D:13     | Reached skill level 15 in Axes
 11298 | D:13     | Reached XP level 12. HP: 64/91 MP: 4/12
 11574 | D:13     | Noticed a centaur warrior
 11574 | D:13     | Noticed a two-headed ogre
 11574 | D:13     | Noticed a centaur warrior
 11574 | D:13     | Noticed a five-headed hydra
 11575 | D:13     | Noticed an eight-headed hydra
 11576 | D:13     | Noticed a centaur warrior
 11576 | D:13     | Noticed a tengu warrior
 11577 | D:13     | Noticed a two-headed ogre
 11595 | D:13     | Killed a five-headed hydra
 11605 | D:13     | Killed a tengu warrior
 11611 | D:13     | Killed an eight-headed hydra
 11615 | D:13     | Killed a two-headed ogre
 11620 | D:13     | Killed a centaur warrior
 11623 | D:13     | Killed a centaur warrior
 11626 | D:13     | Reached skill level 16 in Axes
 11628 | D:13     | Mangled by a two-headed ogre

Illustrated notes

Levels and vault maps discovered:
D:1:      dpeg_arrival_simpleton_c, layout_basic,
          hellmonk_ecumenical_altar_run_dry, serial_shops,
          nicolae_shop_gaudy_bauble, hangedman_decor_push, minmay_pentomino_w4
D:2:      layout_loops_corners, basic_altar, uniq_robin, uniq_jessica
D:3:      layout_basic, serial_shops, nicolae_shop_tiny_waterfront,
          uniq_grinder, uniq_terence, uniq_natasha
D:4:      layout_basic, nicolae_overflow_macrodata_refinement, serial_shops,
          nicolae_shop_statue_plus
D:5:      layout_gridville, old_standard_altar, minmay_temple_entry_water_ring
D:6:      layout_basic, uniq_blork_the_orc
D:7:      layout_rooms
D:8:      cheibrodos_statue_roulette, layout_gridville,
          mainiacjoe_overflow_boulevard, ebering_ghost_reflecting_pool
D:9:      layout_basic, hiddenorc1_lemuel
D:10:     layout_loops_ring, amcnicky_altar_gilded, serial_aquarium,
          aquarium_bridge_long_separate [aquarium_subvault_bridge,
          aquarium_subvault_window, aquarium_subvault_wall,
          aquarium_subvault_bridge, aquarium_subvault_bridge,
          aquarium_subvault_bridge], aquarium_window_1, aquarium_window_1,
          aquarium_window_fake, aquarium_view_2e, aquarium_pool_double,
          serial_shops, shop, nicolae_shop_overgrown_old_shop, shop, shop,
          nicolae_stop_n_shop_2, grunt_ministairs_6
D:11:     layout_long_grid, lair_entry_dummy, uniq_gastronok
D:12:     layout_roguey
D:13:     nzn_winding_woodlands_three_and_one
          [nzn_winding_woodlands_5x15_river_crossing,
          nzn_winding_woodlands_5x15_longhouse,
          nzn_winding_woodlands_5x15_jagged,
          nzn_winding_woodlands_center_pierced_h], layout_loops_corners,
          hangedman_decor_diamond_cutter, serial_bayou_pond_d
Temple:   regret_index_temple_generic_petals

Skill      XL: |  1  2  3  4  5  6  7  8  9 10 11 12 |
---------------+-------------------------------------+-----
Axes           | 2 3 4 5 6 7 9 11 13 15 16 | 16.0
Dodging        | 1 2 3 |  3.0
Stealth        | 1 |  1.0
Unarmed Combat | 1 |  1.0
Throwing       | 1 |  1.0
Shapeshifting  | 1 |  1.0
Evocations     | 1 |  1.0
Armour         | 3 4 5 6 7 |  7.6
Fighting       | 4 5 6 7 8 |  8.0
Shields        | 3 |  3.0

Action                     |  1- 3 |  4- 6 |  7- 9 | 10-12 || total
---------------------------+-------+-------+-------+-------++-------
  Melee: War axe           |    87 |   111 |     3 |       ||   201
         Kick              |       |    21 |    43 |    83 ||   147
         Broad axe         |       |       |    70 |       ||    70
         Executioner's axe |       |       |    74 |   212 ||   286
         Trident           |       |       |       |    17 ||    17
  Throw: Stone             |       |       |       |     4 ||     4
 Invoke: Trog's Hand       |       |       |       |     1 ||     1
  Evoke: Wand              |       |       |       |     2 ||     2
    Use: Scroll            |     2 |     2 |    11 |     3 ||    18
         Potion            |     1 |     2 |     4 |     3 ||    10
 Armour: Scale mail        |    38 |    49 |    70 |       ||   157
         Chain mail        |       |       |     1 |    15 ||    16
         Plate armour      |       |       |       |   136 ||   136
  Dodge: Dodged            |    65 |    50 |    82 |   107 ||   304
  Block: Buckler           |    26 |    32 |    36 |       ||    94
         Other             |       |       |    22 |    52 ||    74
         Reflection        |       |       |       |     4 ||     4

Table legend: (Time is in decaauts)
 A = Elapsed time spent in this place.
 B = Non-inter-level travel time spent in this place.
 C = Inter-level travel time spent in this place.
 D = Time resting spent in this place.
 E = Time spent auto-exploring this place.
 F = Levels seen in this place.
 G = Mean time per level.
                   A        B        C        D        E       F      G
               +--------+--------+--------+--------+--------+-----+--------+
         Total |  11856 |   9538 |   2318 |    679 |   6353 |  14 |  846.9 |
       Dungeon |  11775 |   9514 |   2261 |    679 |   6353 |  13 |  905.8 |
        Temple |     80 |     24 |     56 |      0 |      0 |   1 |   80.0 |
               +--------+--------+--------+--------+--------+-----+--------+

Top non-repeatable levels by time:
     D:8: 1422 daAuts
     D:9: 1385 daAuts
     D:2: 1222 daAuts
     D:3: 1190 daAuts
    D:11: 924 daAuts
    D:10: 911 daAuts
     D:1: 856 daAuts
     D:4: 851 daAuts
    D:12: 792 daAuts
     D:7: 702 daAuts
     D:5: 604 daAuts
     D:6: 553 daAuts
    D:13: 356 daAuts
  Temple: 80 daAuts
